 Dungeon Crawl Stone Soup version 0.28-a0-1286-g6bde065e89 (webtiles) character file.

Game seed: 4200142385990743409

67 croobank the Insei (level 4, -1/29 HPs)
             Began as an Octopode Transmuter on Dec 26, 2021.
             Slain by a gnoll (13 damage)
             ... on level 2 of the Dungeon.
             The game lasted 00:06:25 (1470 turns).

croobank the Insei (Octopode Transmuter)            Turns: 1470, Time: 00:06:26

Health: -1/29      AC:  1    Str: 11    XL:     4   Next: 16%
Magic:  5/7        EV: 13    Int: 19    God:
Gold:   24         SH:  0    Dex: 12    Spells: 4/7 levels left

rFire   + . .      SeeInvis .     - Unarmed
rCold   . . .      Faith    .   (no shield)
rNeg    . . .      Spirit   .   (helmet currently unavailable)
rPois   .          Reflect  .   (no amulet)
rElec   .          Harm     .   f - ring of Guleb {rF+ rCorr Int+4 Stlth+}
rCorr   +          Rampage  .   (no ring)
Will    .....                   (no ring)
Stlth   +++.......              (no ring)
HPRegen 0.09/turn               (no ring)
MPRegen 0.10/turn               (no ring)
                                (no ring)
                                (no ring)

@: appendages, wereblooded
A: tentacle spike 3, almost no armour, amphibious, 8 rings, camouflage 1,
gelatinous body 1, (nimble swimmer 1), tentacles
a: End Transformation


You were on level 2 of the Dungeon.
One of your tentacles had grown a beastly spike.
You visited 1 branch of the dungeon, and saw 2 of its levels.

You collected 24 gold pieces.

Inventory:

Hand Weapons
 a - a +0 short sword
 h - a +0 rapier
 i - a +0 mace
Missiles
 b - 14 stones
 d - 21 arrows
Jewellery
 f - the ring of Guleb (left tentacle) {rF+ rCorr Int+4 Stlth+}
   (You acquired it on level 1 of the Dungeon)

   [ring of resist corrosion]

   Int:       It affects your intelligence (+4).
   rF:        It protects you from fire.
   rCorr:     It protects you from acid and corrosion.
   Stlth:     It makes you more stealthy.
Scrolls
 c - a scroll of acquirement
 e - a scroll of identify {unknown}
 g - a scroll of enchant weapon {unknown}


   Skills:
 + Level 1.8 Fighting
 + Level 2.5 Dodging
 + Level 3.4 Unarmed Combat
 + Level 2.4 Spellcasting
 + Level 2.5 Transmutations


You had 4 spell levels left.
You knew the following spells:

 Your Spells              Type           Power      Damage    Failure   Level
a - Beastly Appendage     Tmut           24%        N/A       5%          1
b - Wereblood             Tmut           12%        N/A       9%          2

Your spell library contained the following spells:

 Spells                   Type           Power      Damage    Failure   Level
 Spider Form              Tmut/Pois      7%         N/A       28%         3
 Ice Form                 Ice/Tmut       7%         N/A       67%         4


Dungeon Overview and Level Annotations

Branches:
Dungeon (2/15)

Altars:


Innate Abilities, Weirdness & Mutations

One of your tentacles has grown a beastly spike.
You cannot wear most types of armour.
You are amphibious.
You can wear up to eight rings at the same time.
Your skin changes colour to match your surroundings (Stealth+).
Your rubbery body absorbs attacks. (AC +1, EV +1)
((You are camouflaged when in or above water. (Stealth+)))
You have tentacles for arms and can constrict up to eight enemies at once.


Message History

Casting: Beastly Appendage (safe; 6% risk of failure)
Confirm with . or Enter, or press ? or * to list all spells.
One of your tentacles grows a vicious spike.
The helpless frilled lizard fails to defend itself.
You tentacle-slap the frilled lizard.
You kill the frilled lizard!
You have reached level 4!
Your transformation is almost over.
Your tentacle spike disappears.
Magic restored.
A gnoll comes into view. It is wielding a +0 flail.
Casting: Beastly Appendage (safe; 6% risk of failure)
Confirm with . or Enter, or press ? or * to list all spells.
One of your tentacles grows a vicious spike.
The gnoll shouts!
A gnoll comes into view. It is wielding a +0 spear.
A gnoll comes into view. It is wielding a +0 club.
A gnoll comes into view. It is wielding a +0 whip.
Casting: Beastly Appendage (safe; 6% risk of failure)
Confirm with . or Enter, or press ? or * to list all spells.
Your blood is infused with primal strength.
The gnoll shouts! x3
The gnoll closely misses you. The gnoll completely misses you.
You tentacle-slap the gnoll. Your grab misses the gnoll.
Your tentacle spike misses the gnoll.
The gnoll is lightly wounded.
The gnoll hits you with a +0 flail.
You tentacle-slap the gnoll. You grab the gnoll.
You pierce the gnoll.
The gnoll is almost dead.
You constrict the gnoll.
You feel a bit better.
You kill the gnoll!
The gnoll closely misses you. The gnoll barely misses you.
The gnoll hits you with a +0 flail.
You tentacle-slap the gnoll. You grab the gnoll. You squeeze the gnoll!
The gnoll is severely wounded.
You constrict the gnoll, but do no damage.
The gnoll hits you with a +0 club. The gnoll hits you with a +0 whip.
The gnoll hits you with a +0 flail!
You die...

#.....#.#
#.....#.#
##....#.#
#.#..#†#
#.#..#.#
#.#..#.#
#..#.#.#
...#.#.#.#
.....+..g@)#
... .##.gg##
.. ##...# .
#....#
#....#
#....#
#.$..#
...##.. ....
#..


You could see 3 gnolls.

Vanquished Creatures
  Jessica (D:2)
  A gnoll (D:2)
  2 endoplasms (D:1)
  3 giant cockroaches
  5 goblins (D:1)
  4 hobgoblins
  A kobold (D:1)
  2 quokkas (D:1)
  A ball python (D:1)
  4 bats (D:1)
  3 frilled lizards
  3 rats (D:1)
30 creatures vanquished.

Notes
Turn   | Place    | Note
-------+----------+-------------------------------------------
     0 | D:1      | croobank the Octopode Transmuter began the quest for the
                  | Orb.
     0 | D:1      | Reached XP level 1. HP: 13/13 MP: 3/3
    34 | D:1      | Found a faded altar of an unknown god.
   268 | D:1      | Reached XP level 2. HP: 17/18 MP: 3/5
   271 | D:1      | Learned a level 2 spell: Wereblood
   850 | D:1      | Reached XP level 3. HP: 21/23 MP: 4/6
   912 | D:1      | Identified 2 scrolls of acquirement
   912 | D:1      | Acquired the ring of Guleb {rF+ rCorr Int+4 Stlth+}
  1203 | D:2      | Noticed Jessica
  1213 | D:2      | Killed Jessica
  1437 | D:2      | Reached XP level 4. HP: 29/29 MP: 5/7
  1470 | D:2      | Slain by a gnoll

Illustrated notes

Levels and vault maps discovered:
D:1:      dpeg_arrival_fog, layout_loops_ring, nicolae_ecumenical_lake_church,
          chequers_mini_garden
D:2:      layout_basic, uniq_jessica

Action                   |  1- 3 |  4- 6 || total
-------------------------+-------+-------++-------
Melee: Unarmed           |    57 |     3 ||    60
       Tentacles         |     8 |     1 ||     9
       Kick              |    11 |     1 ||    12
       Constrict         |    16 |     2 ||    18
 Cast: Beastly Appendage |    13 |     1 ||    14
       Wereblood         |     3 |     1 ||     4
  Use: Scroll            |     1 |       ||     1
 Stab: Sleeping          |     6 |       ||     6
Armor: Skin              |     3 |       ||     3
Dodge: Dodged            |    25 |     4 ||    29

Table legend: (Time is in decaauts)
 A = Elapsed time spent in this place.
 B = Non-inter-level travel time spent in this place.
 C = Inter-level travel time spent in this place.
 D = Time resting spent in this place.
 E = Time spent auto-exploring this place.
 F = Levels seen in this place.
 G = Mean time per level.
                   A        B        C        D        E       F      G
               +--------+--------+--------+--------+--------+-----+--------+
         Total |   1465 |   1434 |     31 |    406 |    684 |   2 |  732.5 |
       Dungeon |   1465 |   1434 |     31 |    406 |    684 |   2 |  732.5 |
               +--------+--------+--------+--------+--------+-----+--------+

Top non-repeatable levels by time:
     D:1: 1161 daAuts
     D:2: 303 daAuts
